 Dungeon Crawl Stone Soup version 0.14-a0-1876-g927fc3a (webtiles) character file.

497 Kae the Insei (level 5, -2/40 HPs)
             Began as a Draconian Transmuter on Jan 14, 2014.
             Slain by Kae's ghost (9 damage)
             ... on Level 4 of the Dungeon.
             The game lasted 00:03:56 (3423 turns).

Kae the Insei (Draconian Transmuter)                Turns: 3423, Time: 00:03:57

HP  -2/40        AC  5     Str 12      XL: 5   Next: 92%
MP   0/9         EV 12     Int 13      God:
Gold 241         SH  0     Dex 13      Spells:  3 memorised,  2 levels left

rFire  . . .     SeeInvis .       - Unarmed
rCold  . . .     Clarity  .     (armour unavailable)
rNeg   . . .     Conserve .     (no shield)
rPois  .         rCorr    .     (helmet restricted)
rElec  .         rRot     .     (no cloak)
SustAb + .       Spirit   +     (no gloves)
rMut   .         Warding  .     (boots unavailable)
Saprov . . .     Stasis   .     y - amulet of guardian spirit
MR     .....                    (no ring)
                                x - cursed ring of sustain abilities

@: appendage (expiring), not resistant to hostile enchantments, unstealthy
A: unfitting armour, talons 3, AC +5
a: End Transformation


You were on level 4 of the Dungeon.
You were hungry.
You had grown temporary talons.
You visited 1 branch of the dungeon, and saw 4 of its levels.

You collected 241 gold pieces.

Inventory:

Missiles
 b - 36 arrows
Comestibles
 a - a bread ration
 s - a meat ration
 v - a snozzcumber
 w - 3 rotting chunks of orc flesh
 B - a chunk of hobgoblin flesh
Scrolls
 c - 2 scrolls of blinking
 j - a scroll of magic mapping
 m - a scroll of remove curse {unknown}
 n - 2 scrolls of identify
Jewellery
 f - an uncursed ring of poison resistance {unknown}
 x - a cursed ring of sustain abilities (left hand)
 y - an amulet of guardian spirit (around neck)
Potions
 e - 2 potions of mutation {unknown}
 g - 2 potions of curing {unknown}
 h - a potion of restore abilities {unknown}
 i - a potion of might {unknown}
 l - a potion of degeneration {unknown}
 o - a potion of brilliance {unknown}
 p - a potion of cure mutation {unknown}
 q - 2 potions of magic {unknown}
 z - a potion of resistance {unknown}
Books
 d - a book of Changes

   Spells                             Type                      Level
   *Beastly Appendage                 Transmutation                1
   *Sticks to Snakes                  Transmutation                2
   *Spider Form                       Transmutation/Poison         3
   Ice Form                           Ice/Transmutation            4
   Blade Hands                        Transmutation                5
 u - a book of Summonings

   Spells                             Type                      Level
   Abjuration                         Summoning                    3
   Recall                             Summoning/Translocation      3
   Summon Elemental                   Summoning                    4
   Shadow Creatures                   Summoning                    5
   Summon Demon                       Summoning                    5
   Summon Ugly Thing                  Summoning                    6


   Skills:
 - Level 1.1 Fighting
 - Level 1.7 Dodging
 * Level 5.8 Unarmed Combat
 - Level 2.0 Spellcasting
 + Level 3.8 Transmutations


You had 2 spell levels left.
You knew the following spells:

 Your Spells              Type           Power        Failure   Level  Hunger
a - Beastly Appendage     Trmt           ##....       8%          1    ##.....
b - Sticks to Snakes      Trmt           ##........   10%         2    ###....
c - Spider Form           Trmt/Pois      #.........   38%         3    ####...


Dungeon Overview and Level Annotations

Branches:
Dungeon (4/16)
 Temple: D:4-7

Altars:
the Shining One

Annotations:
D:4 Eustachio; Kae's ghost, average DrTm


Innate Abilities, Weirdness & Mutations

Your plain brown scales are hard (AC +5).*
Your body does not fit into most forms of armour.
Your cold-blooded metabolism reacts poorly to cold.
You have claws for feet.*


Message History

* * * LOW HITPOINT WARNING * * *
You closely miss Kae's ghost. Your kick misses Kae's ghost.
Kae's ghost is severely damaged.
Kae's ghost closely misses you.
You closely miss Kae's ghost.
Kae's ghost is severely damaged.
Kae's ghost hits you but does no damage.
You hit Kae's ghost. Your kick misses Kae's ghost.
Kae's ghost is severely damaged.
Kae's ghost barely misses you.
You closely miss Kae's ghost. Your kick misses Kae's ghost.
Kae's ghost is severely damaged.
Kae's ghost hits you.
* * * LOW HITPOINT WARNING * * *
You closely miss Kae's ghost. Your kick misses Kae's ghost.
Kae's ghost is severely damaged.
You miss Kae's ghost. Your kick misses Kae's ghost. You tail-slap Kae's ghost.
Kae's ghost is almost destroyed.
Kae's ghost hits you!
You die...

#..........,,,**,,,,* *,,,,
#.........,,,,*, ,,,* *,,,>
#........ ,,,,,*,,,, **,,,,
#.......,,,,,,,,.,,,,,,,,**
#.......,,,,,.....,,,,,,,*
*...,....,,,,.....,,,,,,,*
*,,,,,,..PP♣P.....,,,,,,,*
**,,,,*♣♣♣P♣P......,,,,,,*#
**,,,♣♣PP@........ ,,,....
**,*♣♣P%Pp.............$.
*,♣♣P..................P
*.P♣♣..................P
#PP♣....................
#.P..........(..........
#...#...................
#.....#.................
########................


You could see Kae's ghost.

Vanquished Creatures
  The ghost of SkaryMonk the Slasher, an average DsDK of Yredelemnul (D:3)
  3 adders
  A gnoll (D:2)
  An inept feature mimic (D:2)
  2 worms (D:2)
  A giant gecko (D:1)
  2 oozes
  8 orcs (D:3)
  2 bats
  7 goblins
  10 hobgoblins
  6 jackals
  7 kobolds
  A ball python (D:1)
  5 giant cockroaches
  A giant newt (D:2)
  6 rats
64 creatures vanquished.

Notes
Turn   | Place    | Note
--------------------------------------------------------------
     0 | D:1      | Kae, the Draconian Transmuter, began the quest for the Orb.
     0 | D:1      | Reached XP level 1. HP: 16/16 MP: 3/3
   368 | D:1      | Reached XP level 2. HP: 11/23 MP: 4/4
  1065 | D:2      | Reached XP level 3. HP: 26/28 MP: 6/6
  1096 | D:2      | Reached skill level 4 in Unarmed Combat
  1255 | D:2      | Learned a level 2 spell: Sticks to Snakes
  1259 | D:2      | Learned a level 3 spell: Spider Form
  1664 | D:2      | Found a glowing golden altar of the Shining One.
  1908 | D:2      | Reached XP level 4. HP: 25/35 MP: 7/7
  2046 | D:3      | Noticed SkaryMonk's ghost (average DsDK)
  2336 | D:3      | Killed SkaryMonk's ghost
  2336 | D:3      | Reached skill level 5 in Unarmed Combat
  2336 | D:3      | Reached XP level 5. HP: 11/40 MP: 9/9
  3353 | D:4      | Noticed Eustachio
  3373 | D:4      | Noticed Kae's ghost (average DrTm)
  3423 | D:4      | Slain by Kae's ghost

Action                   |  1- 3 |  4- 6 || total
-------------------------+-------+-------++-------
Melee: Unarmed           |   162 |   123 ||   285
 Cast: Beastly Appendage |    10 |     9 ||    19
  Use: Scroll            |       |     9 ||     9
 Stab: Sleeping          |       |     1 ||     1
